Description

The zerg's side build you can find on my account, it's called - 2v2 mass ReaperMutaZ - The idea is that Terran can keep opponents busy at home with his reapers while zerg build up insane economy extremely quickly to mass the mutas which can win the game before 10th minute.

Replay - Arctic Dream LE (2)

Build Order

Get SALT Encoding   

  12  0:00  SCV  
  13  0:13  SCV  
  14  0:20  Supply Depot  
  14  0:25  SCV  
  15  0:41  SCV  
  15  0:42  Barracks  
  16  0:45  Refinery  
  16  0:53  SCV  
  17  1:06  SCV  
  18  1:18  SCV  
  19  1:28  Barracks x2  
  19  1:31  Reaper  
  20  1:34  Orbital Command  
  20  1:40  Refinery  
  20  1:49  Supply Depot  
  20  2:01  SCV  
  20  2:05  Reaper  
  22  2:19  Supply Depot  
  22  2:20  Reaper x2  
  24  2:26  Barracks  
  24  2:37  Reaper  
  24  2:43  Barracks  
  25  2:48  SCV  
  26  2:53  Reaper x2  
  28  3:05  Supply Depot  
  28  3:09  Reaper  
  28  3:10  Barracks  
  29  3:42  Reaper x2  
  34  3:59  Supply Depot  
  36  4:32  Barracks x2  
  35  5:45  SCV  
  35  5:46  Barracks Tech Lab x2  
  35  5:47  Barracks Reactor x4  
  36  5:57  Barracks Reactor, Factory  
  36  6:03  Barracks Reactor  
  36  6:05  Engineering Bay  
  36  6:07  Command Center  
  30  6:30  Marine x7  
  35  6:40  Marine  
  34  6:47  Stimpack  
  34  6:53  Combat Shield  
  35  7:04  Marine x2  
  48  7:13  Starport  
  48  7:16  Factory Reactor  
  48  7:18  Command Center  
  53  7:40  Orbital Command  
  54  7:48  Refinery  
  63  8:09  Medivac  
  67  8:15  Medivac  
  67  8:18  Factory Tech Lab  
  70  8:32  Refinery  
  70  8:33  Concussive Shells  
  83  8:51  Orbital Command  
  85  9:30  Engineering Bay  
  85  9:34  Medivac x2, Armory  
Spawning Tool Build Advisor. Get it on Overwolf

Analysis

I marked the build as "Hard" because you need to micro the reapers well. Also it's not that bad economicly due to zerg's crazy 80 drones before 6th minute. Thanks to his mineral bank and your insane barracks count, he can give you minerals to build marines/medivacs. Also I switched to marines this particular game pretty quickly because of carriers, you can do it later.

Go to:

Details

  • Created by: mlekolaj
  • Published on: Jul 29, 2022
  • Modified on: Jul 29, 2022
  • Patch: 4.11.0
  • Difficulty: Hard
Show
View Real Time Build Order
Export as new Build Order

Comments (0)

There are no comments. Be the first!

Create an account to comment!